 Dungeon Crawl Stone Soup version 0.32-a0-872-g59262bdc9b (webtiles) character file.

Game seed: 7345234224597888725

154 andgoliath the Cudgeller (level 5, -3/46 HPs)
             Began as a Mountain Dwarf Fighter on Mar 30, 2024.
             Succumbed to a kobold brigand's poison
             ... on level 3 of the Dungeon.
             The game lasted 00:06:27 (1672 turns).

andgoliath the Cudgeller (Mountain Dwarf Fighter)   Turns: 1672, Time: 00:06:28

Health: -3/46      AC: 11    Str: 21    XL:     5   Next: 13%
Magic:  5/5        EV:  9    Int:  8    God:
Gold:   49         SH:  4    Dex:  9    Spells: 3/4 levels left

rFire   . . .        a - +0 flail
rCold   . . .        c - +0 buckler
rNeg    . . .        e - +0 ring mail
rPois   .            k - +2 helmet
rElec   .            f - +0 cloak
rCorr   .            i - +0 pair of gloves
SInv    .            (no boots)
Will    +....        (no amulet) Stlth
                     (no ring)
HPRegen 0.27/turn    (no ring)
MPRegen 0.09/turn

%: no passive effects
@: lethally poisoned (-3 -> -25), attractive, enlightened, flying, hasted, very
quick
A: runic magic, artefact enchanting
a: no special abilities


You were on level 3 of the Dungeon.
You visited 1 branch of the dungeon, and saw 3 of its levels.

You collected 150 gold pieces.
You spent 101 gold pieces at shops.

Inventory:

Hand Weapons
 a - a +0 flail (weapon)
Armour
 b - a +0 scale mail
 c - a +0 buckler (worn)
 e - a +0 ring mail (worn)
 f - a +0 cloak (worn)
 i - a +0 pair of gloves (worn)
 k - a +2 helmet (worn)
Scrolls
 d - a scroll of blinking {unknown}
 h - 2 scrolls of enchant weapon {unknown}
 j - a scroll of identify {unknown}
 m - a scroll of fog {unknown}
 p - a scroll of revelation {unknown}
 q - a scroll of teleportation
Potions
 g - a potion of haste


   Skills:
 + Level 4.2 Fighting
 * Level 4.6 Maces & Flails
 - Level 3.6 Armour
 + Level 4.2 Shields
 - Level 0.1 Spellcasting


You had 3 spell levels left.
You knew the following spells:

 Your Spells              Type           Power      Damage    Failure   Level
a - Apportation           Tloc           0%         N/A       52%         1

Your spell library contained the following spells:

 Spells                   Type           Power      Damage    Failure   Level
 Kiss of Death            Conj/Necr      0%         2d5       52%         1
 Jinxbite                 Hex            0%         N/A       65%         2
 Confusing Touch          Hex            0%         N/A       87%         3
 Dispel Undead            Necr           0%         3d6       99%         4
 Alistair's Intoxication  Alch           0%         N/A       100%        5


Dungeon Overview and Level Annotations

Branches:
Dungeon (3/15)

Altars:

Shops:
D:2 ([(?*


Innate Abilities, Weirdness & Mutations

Your spellcasting is much less encumbered by armour.
You can use scrolls of enchantment on lesser artefacts.


Message History

You feel sick.
The kobold brigand hits you with a +0 dagger of venom.
You are lethally poisoned!
You closely miss the kobold brigand.
The kobold brigand is moderately wounded.
You feel very sick.
The kobold brigand hits you with a +0 dagger of venom.
* * * LOW HITPOINT WARNING * * *
You are more poisoned.
You feel much better.
You feel very sick.
The kobold brigand hits you with a +0 dagger of venom.
It was a potion of attraction.
You feel attractive to monsters.
You feel very sick.
You are too injured to fight recklessly!
It was a potion of enlightenment.
You feel very buoyant.
You fly up into the air.
You feel very sick.
The kobold brigand hits you but does no damage.
You are more poisoned.
You closely miss the kobold brigand.
The kobold brigand is moderately wounded.
* * * LOW HITPOINT WARNING * * *
You feel very sick.
The kobold brigand hits you but does no damage.
You are more poisoned.
You hit the kobold brigand.
The kobold brigand is heavily wounded.
* * * LOW HITPOINT WARNING * * *
You feel very sick.
You hit the kobold brigand.
The kobold brigand is severely wounded.
* * * LOW HITPOINT WARNING * * *
You feel very sick.
The kobold brigand hits you but does no damage.
You sock the kobold brigand!
The kobold brigand is almost dead.
You die...

##..#~~###.## #.#
#..##~ #.# #.#
#..#≈~~ ##.# #.#
#..#≈≈~ #...###.#
#..#≈~~~.....##.# ##
#..##~~ ......#)###.
#..#~~ ......#)#.<.
#K)# .##......)....
#.@###.#.....#.....
#..)....#.#.##.....
#..###..#.#........
#.## #..#.#..##....
.....##..#.#..##....
###.........>.....##.
#####...........##.
##.#####.#####. ###
#.......


You could see a kobold brigand.

Vanquished Creatures
  An orc wizard (D:3)
  Terence (D:3)
  3 gnolls (D:3)
  2 adders (D:2)
  A dart slug (D:3)
  3 orcs (D:3)
  6 ball pythons (D:2)
  7 endoplasms
  A giant cockroach (D:3)
  5 goblins
  6 hobgoblins
  8 kobolds
  3 quokkas
  4 bats
  A frilled lizard (D:1)
  2 rats
54 creatures vanquished.

Notes
Turn   | Place    | Note
-------+----------+-------------------------------------------
     0 | D:1      | andgoliath the Mountain Dwarf Fighter began the quest for
                  | the Orb.
     0 | D:1      | Reached XP level 1. HP: 19/19 MP: 1/1
   277 | D:1      | Reached XP level 2. HP: 26/26 MP: 2/2
   408 | D:1      | You fall into a shaft and drop 1 floor!
   461 | D:2      | Found Racvyuq's Antique Weapon Shoppe.
   513 | D:2      | Found a faded altar of an unknown god.
   526 | D:2      | Learned a level 1 spell: Apportation
   648 | D:2      | Found Ocamme's General Store.
   659 | D:2      | Bought a potion of heal wounds for 65 gold pieces
   666 | D:2      | Reached XP level 3. HP: 31/31 MP: 3/3
   785 | D:2      | Found Suseorph's Weapon Shop.
   919 | D:2      | Found Reich's Antique Armour Shop.
   985 | D:2      | Found Onnol's Magic Scroll Shop.
   993 | D:2      | Bought a scroll of teleportation for 36 gold pieces
  1500 | D:3      | Reached XP level 4. HP: 35/40 MP: 4/4
  1502 | D:3      | Noticed Terence
  1511 | D:3      | Killed Terence
  1524 | D:3      | Reached XP level 5. HP: 37/46 MP: 5/5
  1671 | D:3      | HP: 2/46 [poisoned by a kobold brigand]
  1672 | D:3      | Succumbed to a kobold brigand's poison

Illustrated notes

Levels and vault maps discovered:
D:1:      sevenhm_arrival_forest_fort_large_4, layout_rooms,
          minmay_statues_item, dk_noncrumbling_3
D:2:      layout_basic, shapermc_ecumenical_altar_ellora, serial_shops, shop,
          nicolae_shop_stone, nicolae_shop_back_alley_shop,
          nicolae_diamond_shop, shop
D:3:      cheibrodos_thug_alley, layout_loops_ring,
          amethyst_overflow_temple_binary, uniq_crazy_yiuf_cottage, uniq_terence

Skill      XL: |  1  2  3  4 |
---------------+-------------+-----
Maces & Flails | 3 4 |  4.6
Fighting       | 4 |  4.2
Shields        | 4 |  4.2
Armour         | |  3.6
Spellcasting   | |  0.1

Action                     |  1- 3 |  4- 6 || total
---------------------------+-------+-------++-------
  Melee: Flail             |   112 |    58 ||   170
    Use: Potion            |     1 |     4 ||     5
 Armour: Scale mail        |     6 |       ||     6
         Ring mail         |    89 |    37 ||   126
  Dodge: Dodged            |    53 |    19 ||    72
  Block: Buckler           |    20 |     7 ||    27

Table legend: (Time is in decaauts)
 A = Elapsed time spent in this place.
 B = Non-inter-level travel time spent in this place.
 C = Inter-level travel time spent in this place.
 D = Time resting spent in this place.
 E = Time spent auto-exploring this place.
 F = Levels seen in this place.
 G = Mean time per level.
                   A        B        C        D        E       F      G
               +--------+--------+--------+--------+--------+-----+--------+
         Total |   1713 |   1623 |     90 |    135 |   1047 |   3 |  571.0 |
       Dungeon |   1713 |   1623 |     90 |    135 |   1047 |   3 |  571.0 |
               +--------+--------+--------+--------+--------+-----+--------+

Top non-repeatable levels by time:
     D:2: 845 daAuts
     D:1: 609 daAuts
     D:3: 258 daAuts
